 Dungeon Crawl Stone Soup version 0.21-a0-243-g597973d (webtiles) character file.

135174 marriedatthemol the Tortoise (level 16, -2/152 HPs)
             Began as a Minotaur Fighter on Sept 3, 2017.
             Was the Champion of Okawaru.
             Slain by a merfolk impaler
             ... wielding a +2 demon trident of pain
              (17 damage)
             ... on level 4 of the Shoals on Sept 4, 2017.
             The game lasted 01:51:07 (26087 turns).

marriedatthemol the Tortoise (Minotaur Fighter)    Turns: 26087, Time: 01:51:08

Health: -2/152     AC: 34    Str: 28    XL:     16   Next: 63%
Magic:  6/6        EV: 16    Int:  5    God:    Okawaru [******]
Gold:   498        SH: 25    Dex: 28    Spells: 11/21 levels left

rFire    + . .     SeeInvis +   K - +11 falchion of the Solstice {antimagic, rElec}
rCold    . . .     Gourm    .   D - +9 shield of Koiwk {rCorr}
rNeg     + + .     Faith    +   b - +12 chain mail of the Beginning {rElec rN++ Regen+ rCorr}
rPois    .         Spirit   .   m - +2 hat of Tulips {rElec}
rElec    +         Reflect  .   U - +1 cloak "Ippem" {*Corrode Str+4 Dex+3}
rCorr    +         Harm     .   r - +0 pair of gloves
MR       +....                  h - +0 pair of boots
Stlth    +++.......             I - amulet "Akhlerel" {Faith Dex+4}
HPRegen  0.75/turn              a - +5 ring of dexterity
MPRegen  0.10/turn              c - ring of see invisible

@: no status effects
A: retaliatory headbutt, horns 2, thin skeletal structure 1, camouflage 1, fire
resistance 1
a: Heroism, Finesse, Renounce Religion


You were on level 4 of the Shoals.
You worshipped Okawaru.
Okawaru was exalted by your worship.
You were not hungry.

You visited 4 branches of the dungeon, and saw 24 of its levels.
You also visited: Labyrinth, Ossuary, Bailey, Ice Cave and Volcano.

You collected 2041 gold pieces.
You spent 1543 gold pieces at shops.

Inventory:

Hand Weapons
 k - a +7 blowgun
 K - the +11 falchion of the Solstice (weapon) {antimagic, rElec}
   (You found it on level 2 of the Lair of Beasts)

   It reduces the magical energy of the wielder, and disrupts the spells and
   magical abilities of those hit.
   Natural abilities and divine invocations are not affected.
   It insulates you from electricity.
Missiles
 t - 3 needles of paralysis
 w - 4 poisoned tomahawks (quivered)
 x - 16 poisoned javelins
 A - 5 throwing nets
 C - 58 tomahawks
 E - 4 needles of sleeping
 J - 2 javelins
 N - 15 needles of confusion
 O - a steel tomahawk
 P - 22 javelins of penetration
 V - 14 curare-tipped needles
 Z - 2 needles of frenzy
Armour
 b - the +12 chain mail of the Beginning (worn) {rElec rN++ Regen+ rCorr}
   (You bought it in a shop on level 8 of the Dungeon)

   It insulates you from electricity.
   It greatly protects you from negative energy.
   It increases your rate of regeneration.
   It protects you from acid and corrosion.
 h - a +0 pair of boots (worn)
 m - the +2 hat of Tulips (worn) {rElec}
   (Okawaru gifted it to you on level 2 of the Lair of Beasts)

   It insulates you from electricity.
 r - a +0 pair of gloves (worn)
 D - the +9 shield of Koiwk (worn) {rCorr}
   (You acquired it on level 1 of the Lair of Beasts)

   It protects you from acid and corrosion.
 L - the +0 crystal plate armour of Greed {rCorr Str+4 Dex+4}
   (Okawaru gifted it to you on level 3 of the Shoals)

   It affects your strength (+4).
   It affects your dexterity (+4).
   It protects you from acid and corrosion.
 U - the +1 cloak "Ippem" (worn) {*Corrode Str+4 Dex+3}
   (Okawaru gifted it to you on level 14 of the Dungeon)

   It affects your strength (+4).
   It affects your dexterity (+3).
   It may corrode you when you take damage.
Jewellery
 a - a +5 ring of dexterity (left hand)
 c - a ring of see invisible (right hand)
 e - an uncursed ring of resist corrosion
 j - an uncursed ring of poison resistance
 n - an uncursed ring of protection from fire
 o - an uncursed ring of protection from cold
 I - the amulet "Akhlerel" (around neck) {Faith Dex+4}
   (You found it in a labyrinth)

   [amulet of faith]

   It allows you to gain divine favour quickly.
   It affects your dexterity (+4).
Wands
 l - a wand of iceblast (4/15)
 u - a wand of enslavement (10/24)
 v - a wand of digging (7/24)
 H - a wand of acid (6/15)
 T - a wand of lightning (9/15)
 Y - a wand of acid (4/15)
Scrolls
 g - 5 scrolls of teleportation
 i - 5 scrolls of remove curse
 p - a scroll of fog
 y - a scroll of summoning
Potions
 d - 7 potions of might
 q - 11 potions of curing
 s - 3 potions of agility
 z - 3 potions of invisibility
 F - a potion of flight
 M - 2 potions of haste
 Q - a potion of resistance {unknown}
 R - 2 potions of ambrosia {unknown}
 S - 3 potions of brilliance {unknown}
 X - a potion of berserk rage {unknown}
Comestibles
 f - 2 royal jellies
 B - 2 bread rations
 W - a meat ration


   Skills:
 + Level 16.6 Fighting
 - Level 14.0 Long Blades
 - Level 7.0 Throwing
 + Level 17.0 Armour
 + Level 8.0 Dodging
 + Level 6.2 Stealth
 + Level 14.6 Shields
 - Level 3.0 Spellcasting
 - Level 4.0 Charms
 * Level 5.6 Invocations


You had 11 spell levels left.
You knew the following spells:

 Your Spells              Type           Power        Failure   Level  Hunger
a - Confuse               Hex            #.......     98%         3    ####...
b - Song of Slaying       Chrm           #.......     36%         2    ###....
c - Shroud of Golubria    Chrm/Tloc      #.........   65%         2    ###....
d - Regeneration          Chrm/Necr      #.........   86%         3    ####...


Dungeon Overview and Level Annotations

Branches:
Dungeon (15/15)            Temple (1/1) D:5            Lair (4/6) D:9
 Shoals (4/4) Lair:3       Spider (0/4) Lair:2          Orc (0/2) D:10
 Vaults (0/5) D:14         Depths (0/5) D:15

Altars:
Ashenzari
Cheibriados
Dithmenos
Elyvilon
Fedhas
Gozag
Hepliaklqana
Kikubaaqudgha
Makhleb
Nemelex Xobeh
Okawaru
Qazlal
Ru
Sif Muna
Trog
Uskayaw
Vehumet
Wu Jian
Xom
Yredelemnul
Zin
The Shining One

Shops:
D:8 [?%   Shoals:4 *

Annotations:
D:5 exclusion: oklob plant


Innate Abilities, Weirdness & Mutations

You reflexively headbutt those who attack you in melee.
You have a pair of horns on your head.
You have a somewhat thin skeletal structure. (Dex +2, Stealth)
Your skin changes colour to match your surroundings (Stealth+).
Your flesh is heat resistant. (rF+)


Message History

Aim: a merfolk javelineer, wielding a spear and wearing a leather armour (moderately wounded, poisoned)
You throw a poisoned tomahawk.
The poisoned tomahawk hits the merfolk javelineer!
The merfolk javelineer looks as sick as possible!
The merfolk javelineer is moderately wounded.
You feel sick.
You block the merfolk impaler's attack. x2
The merfolk javelineer throws a javelin.
The javelin hits you!
* * * LOW HITPOINT WARNING * * *
You feel better. The merfolk impaler barely misses you.
You riposte.
You slice the merfolk impaler!! You headbutt the merfolk impaler.
The merfolk impaler is heavily wounded.
You slash the merfolk impaler! You headbutt the merfolk impaler.
The merfolk impaler is severely wounded.
You block the merfolk impaler's attack.
You hit the merfolk impaler.
Your headbutt misses the merfolk impaler.
The merfolk impaler is almost dead.
The merfolk impaler hits you with a demon trident of pain!
You die...

≈≈≈≈≈≈≈≈≈≈ ≈≈≈≈≈≈≈≈≈≈≈
#≈≈≈≈≈≈≈≈≈
#≈≈≈≈≈≈≈≈≈#######
#≈≈≈≈≈≈≈###.#≈#.##
#.≈..PP.##..@≈...#
##.≈≈....##..#m#.≈#
#≈.≈...P.≈#≈≈().≈##
###.≈...[.###m#)#..# ...
#≈≈.......##.(.≈...# ....
###≈≈.....P.##(.##≈.###....
≈≈≈≈≈......[.)#######......
≈≈≈≈≈........(####≈≈#....≈.
≈≈≈≈≈...........m.......≈≈%


You could see a merfolk impaler and a merfolk javelineer.

Vanquished Creatures
  Nikola (Shoals:3)
  Gastronok (D:8)
  Ilsuiw (Shoals:4)
  A frost giant (IceCv)
  The ghost of demenzo the Fighter, a journeyman OgBe of Trog (IceCv)
  A red draconian (Volcano)
  2 merfolk javelineers (Shoals:3)
  A minotaur (Lab)
  Snorg (D:10)
  Josephine (D:10)
  7 merfolk impalers
  4 vault guards (D:14)
  3 hydras
  A merfolk avatar (Shoals:3)
  19 two-headed ogres
  4 merfolk aquamancers
  6 centaur warriors
  A satyr (Shoals:3)
  2 tengu warriors (D:13)
  2 ogre magi (D:15)
  6 death yaks (Lair:4)
  Sonja (D:13)
  5 sea snakes
  19 harpies
  2 wizards
  2 deep elf magi
  9 manticores
  7 ugly things
  12 fauns
  A wolf spider (shapeshifter) (D:13)
  4 cyclopes
  10 merfolk sirens
  A gargoyle (D:15)
  2 naga magi (D:15)
  2 centaur zombies (D:15)
  A black mamba (Lair:4)
  2 ice statues (IceCv)
  3 water nymphs
  Psyche (D:12)
  5 spiny frogs
  2 yaktaurs (Volcano)
  3 rime drakes
  A spiny frog (shapeshifter) (D:14)
  A kobold demonologist (D:13)
  3 komodo dragons
  An efreet (D:14)
  2 queen bees
  7 trolls
  16 polar bears
  A hornet (D:13)
  18 merfolk
  2 wind drakes
  3 slime creatures (D:14)
  Prince Ribbit (Lair:3)
  23 blink frogs
  13 hippogriffs
  8 snapping turtles
  5 dream sheep
  2 shadows
  2 centaur simulacra
  A redback (Lair:2)
  2 spriggans (Lair:2)
  6 wraiths
  11 water elementals
  39 yaks
  3 wyverns
  3 basilisks
  2 hungry ghosts
  4 vampire mosquitoes (D:14)
  7 porcupines
  22 water moccasins
  2 hell hounds (D:9)
  Duvessa (D:6)
  6 sky beasts
  14 orc warriors
  A black bear (Lair:2)
  6 ice beasts
  19 ogres
  3 phantoms
  2 eyes of draining
  22 wolves
  21 centaurs
  5 crocodiles
  A big kobold (D:13)
  13 bullfrogs
  Blork the orc (D:5)
  Dowan (D:6)
  3 gnoll sergeants
  4 scorpions
  3 water moccasin zombies
  A wyvern skeleton (D:13)
  40 killer bees
  8 howler monkeys
  3 electric eels
  5 wights (D:9)
  6 crimson imps
  2 quasits
  8 orc priests
  A bullfrog skeleton (D:6)
  5 centaur skeletons
  4 hounds
  5 jellies
  16 orc wizards
  4 iguanas
  11 worker ants
  3 big kobold zombies (Ossuary)
  2 hound skeletons (D:5)
  3 mummies
  2 worker ant zombies
  15 gnolls
  26 adders
  4 shadow imps
  4 oozes
  4 adder zombies
  3 worms (D:2)
  3 dart slugs
  9 leopard geckos
  59 orcs
  2 ball pythons (D:2)
  7 bats
  5 giant cockroaches
  4 hobgoblins
  8 jackals
  6 quokkas
  6 frilled lizards
  3 gnoll zombies (Ossuary)
  11 goblins
  6 hobgoblin zombies
  10 kobolds
  4 kobold zombies (Ossuary)
  8 orc zombies
  2 quokka zombies (D:8)
  11 rats
  3 fungi (D:5)
  5 plants
854 creatures vanquished.

Vanquished Creatures (collateral kills)
  A hydra (Lair:3)
  An orc knight (Bailey)
  An orc warrior (Bailey)
3 creatures vanquished.

Vanquished Creatures (others)
  A manticore (Shoals:3)
  A sky beast (D:11)
  An adder (D:10)
  4 fungi
  13 plants
  6 tentacles (Shoals:3)
26 creatures vanquished.

Grand Total: 883 creatures vanquished

Notes
Turn   | Place    | Note
-------+----------+-------------------------------------------
     0 | D:1      | marriedatthemol the Minotaur Fighter began the quest for the Orb.
     0 | D:1      | Reached XP level 1. HP: 19/19 MP: 0/0
   198 | D:1      | Reached XP level 2. HP: 26/26 MP: 1/1
   901 | D:2      | Reached XP level 3. HP: 31/31 MP: 2/2
  1064 | D:2      | Reached skill level 5 in Long Blades
  1317 | D:3      | Reached XP level 4. HP: 38/39 MP: 3/3
  1338 | D:3      | Found a faded altar of an unknown god.
  1386 | D:3      | Found a shimmering altar of Xom.
  1389 | D:3      | Found a shimmering altar of Xom.
  1468 | D:3      | Found a shimmering altar of Xom.
  1469 | D:3      | Found a shimmering altar of Xom.
  1617 | D:3      | Noticed an ogre
  1624 | D:3      | Killed an ogre
  1624 | D:3      | Reached XP level 5. HP: 40/45 MP: 4/4
  1878 | D:4      | Reached XP level 6. HP: 47/51 MP: 5/5
  1927 | D:5      | Entered Level 5 of the Dungeon
  1970 | D:5      | Found the +1 cloak of Starlight {rElec rC+ EV+4 Stlth--}
  2046 | D:5      | Found a staircase to the Ecumenical Temple.
  2046 | D:5      | Found a blossoming altar of Fedhas.
  2047 | D:5      | Noticed Blork the orc
  2057 | D:5      | Killed Blork the orc
  2137 | D:5      | Noticed an oklob plant
  2188 | D:5      | Noticed a sky beast
  2196 | D:5      | Killed a sky beast
  2196 | D:5      | Reached XP level 7. HP: 57/57 MP: 6/6
  2353 | D:5      | Reached skill level 10 in Long Blades
  3264 | Temple   | Entered the Ecumenical Temple
  3431 | Temple   | Became a worshipper of Warmaster Okawaru
  3577 | D:6      | Reached XP level 8. HP: 62/64 MP: 7/7
  3619 | D:6      | Noticed Duvessa
  3623 | D:6      | Noticed Dowan
  3647 | D:6      | Killed Duvessa
  3656 | D:6      | Killed Dowan
  3656 | D:6      | Reached * piety under Okawaru
  4542 | D:6      | Reached XP level 9. HP: 59/70 MP: 8/8
  4647 | D:6      | Reached ** piety under Okawaru
  5138 | D:7      | Reached skill level 4 in Armour
  5459 | D:7      | Found a hide-covered altar of Uskayaw.
  5470 | D:7      | Found a hazy altar of Hepliaklqana.
  5614 | D:8      | Found Qufat's Armour Shop.
  5623 | D:7      | Reached skill level 5 in Fighting
  5779 | D:8      | Reached skill level 5 in Shields
  5890 | D:8      | Reached skill level 5 in Armour
  5981 | D:8      | Noticed a two-headed ogre
  6007 | D:8      | Killed a two-headed ogre
  6007 | D:8      | Reached *** piety under Okawaru
  6007 | D:8      | Reached XP level 10. HP: 35/86 MP: 6/9
  6022 | D:8      | Found a sparkling altar of Nemelex Xobeh.
  6043 | D:8      | Found a shadowy altar of Dithmenos.
  6090 | D:8      | Found a sand-covered staircase.
  6097 | Ossuary  | Entered an ossuary
  6353 | Ossuary  | Reached skill level 6 in Armour
  6740 | D:8      | Found Qyatoent's Food Boutique.
  6777 | D:8      | Noticed Gastronok
  6817 | D:8      | Killed Gastronok
  6817 | D:8      | Reached **** piety under Okawaru
  6817 | D:8      | Reached skill level 7 in Armour
  6866 | D:8      | Found Onworrai's Magic Scroll Emporium.
  6973 | D:8      | Bought a scroll of identify for 30 gold pieces
  7106 | D:9      | Found a shattered altar of Ashenzari.
  7230 | D:9      | Reached skill level 8 in Armour
  7894 | D:9      | Reached ***** piety under Okawaru
  7903 | D:9      | Reached skill level 1 in Throwing
  7965 | D:9      | Found a staircase to the Lair.
  8208 | D:9      | You fall through a shaft for 3 floors!
  8208 | D:12     | Found a shattered altar of Ashenzari.
  8217 | D:12     | Identified a scroll of acquirement
  8312 | D:12     | Reached XP level 11. HP: 69/99 MP: 10/10
  8330 | D:12     | Found a labyrinth entrance.
  8335 | Lab      | Entered a labyrinth
  8691 | Lab      | Noticed a minotaur
  8698 | Lab      | Killed a minotaur
  8698 | Lab      | Reached skill level 10 in Fighting
  8713 | Lab      | Identified Umaacs's Collected Works on Freezing Conjuration
  8714 | Lab      | Got a coiled iron amulet
  8719 | Lab      | Identified the amulet "Akhlerel" {Faith Dex+4} (You found it in a labyrinth)
  8720 | Lab      | Got a transparent pewter amulet
  8728 | Lab      | Learned a level 3 spell: Confuse
  8771 | Lab      | Got an encrusted whip
  8772 | Lab      | Identified the +7 whip of Ru's Displeasure {flame, rC+ SInv} (You found it in a labyrinth)
  8821 | D:12     | Noticed a two-headed ogre
  8826 | D:12     | Killed a two-headed ogre
  8826 | D:12     | Reached skill level 9 in Armour
  8935 | D:11     | Learned a level 2 spell: Song of Slaying
  8938 | D:11     | Learned a level 2 spell: Shroud of Golubria
  8942 | D:11     | Learned a level 3 spell: Regeneration
  9176 | D:11     | Received a gift from Okawaru
  9452 | D:10     | Entered Level 10 of the Dungeon
  9471 | D:10     | Received a gift from Okawaru
  9552 | D:10     | Reached skill level 10 in Armour
  9600 | D:10     | Reached skill level 5 in Throwing
 10161 | Lair:1   | Entered Level 1 of the Lair of Beasts
 10423 | Lair:1   | Received a gift from Okawaru
 10585 | Lair:1   | Reached XP level 12. HP: 87/112 MP: 11/11
 10590 | Lair:1   | Reached ****** piety under Okawaru
 11087 | Lair:2   | Received a gift from Okawaru
 11118 | Lair:2   | Reached skill level 11 in Armour
 11127 | Lair:2   | Found a hole to the Spider Nest.
 11207 | Lair:2   | Received a gift from Okawaru
 11288 | Lair:2   | Got a transparent falchion
 11289 | Lair:2   | Identified the +11 falchion of the Solstice {antimagic, rElec} (You found it on level 2 of the Lair of Beasts)
 11485 | D:12     | Noticed a centaur warrior
 11505 | D:12     | Killed a centaur warrior
 11722 | D:12     | Noticed Psyche
 11733 | D:12     | Killed Psyche
 11733 | D:12     | Received a gift from Okawaru
 12077 | D:13     | Noticed a centaur warrior
 12085 | D:13     | Killed a centaur warrior
 12120 | D:13     | Noticed a two-headed ogre
 12130 | D:13     | Killed a two-headed ogre
 12130 | D:13     | Received a gift from Okawaru
 12131 | D:13     | Got a slimy long sword {god gift}
 12132 | D:13     | Identified the +3 long sword "Zaro" {slice, *Drain rElec MR+++ Str-2} (Okawaru gifted it to you on level 13 of the Dungeon)
 12159 | D:13     | Noticed a centaur warrior
 12161 | D:13     | Noticed a two-headed ogre
 12165 | D:13     | Noticed a two-headed ogre
 12190 | D:13     | Killed a centaur warrior
 12190 | D:13     | Reached skill level 12 in Armour
 12196 | D:13     | Killed a two-headed ogre
 12503 | D:13     | Killed a two-headed ogre
 12503 | D:13     | Reached skill level 10 in Shields
 12739 | D:13     | Noticed a tengu warrior
 12741 | D:13     | Noticed a tengu warrior
 12770 | D:13     | Killed a tengu warrior
 12770 | D:13     | Received a gift from Okawaru
 12781 | D:13     | Killed a tengu warrior
 12829 | D:13     | Reached XP level 13. HP: 62/122 MP: 4/12
 13062 | D:14     | Found a gate to the Vaults.
 13098 | D:14     | Reached skill level 13 in Armour
 13119 | D:14     | Gained mutation: Your flesh is heat resistant. (rF+) [potion of mutation]
 13119 | D:14     | Gained mutation: Your skin changes colour to match your surroundings (Stealth+). [potion of mutation]
 13119 | D:14     | Gained mutation: You have a somewhat thin skeletal structure. (Dex +2, Stealth) [potion of mutation]
 13335 | D:14     | Received a gift from Okawaru
 13336 | D:14     | Got a smoking cloak {god gift}
 13396 | D:14     | Found a flagged portal.
 13402 | Bailey   | Entered a bailey
 13645 | Bailey   | Identified the +1 cloak "Ippem" {*Corrode Str+4 Dex+3} (Okawaru gifted it to you on level 14 of the Dungeon)
 15084 | Lair:1   | Got a transparent shield
 15095 | Lair:1   | Identified the +9 shield of Koiwk {rCorr} (You acquired it on level 1 of the Lair of Beasts)
 15450 | D:10     | Noticed Josephine
 15461 | D:10     | Reached skill level 14 in Armour
 15469 | D:10     | Killed Josephine
 15526 | D:10     | Noticed Snorg
 15542 | D:10     | Killed Snorg
 15620 | D:10     | Reached skill level 15 in Fighting
 15997 | D:10     | Received a gift from Okawaru
 15998 | D:10     | Got a warped scarf {god gift}
 16009 | D:10     | Identified the scarf "Zucho" {*Corrode rPois rF- Str+8} (Okawaru gifted it to you on level 10 of the Dungeon)
 16153 | D:10     | Found a staircase to the Orcish Mines.
 16703 | D:11     | Reached skill level 1 in Stealth
 16703 | D:11     | Reached XP level 14. HP: 103/135 MP: 4/13
 16929 | D:13     | Noticed Sonja
 17336 | D:13     | Killed Sonja
 17336 | D:13     | Reached skill level 1 in Charms
 17416 | D:13     | Reached skill level 1 in Spellcasting
 18031 | D:15     | Entered Level 15 of the Dungeon
 18092 | D:15     | Found a frozen archway.
 18111 | IceCv    | Entered an ice cave
 18565 | IceCv    | Received a gift from Okawaru
 18619 | IceCv    | Noticed a frost giant
 18647 | IceCv    | Killed a frost giant
 18893 | IceCv    | Noticed demenzo's ghost (journeyman OgBe)
 18949 | IceCv    | Killed demenzo's ghost
 19171 | D:15     | Received a gift from Okawaru
 19230 | D:15     | Reached skill level 15 in Armour
 19240 | D:15     | Received a gift from Okawaru
 19446 | D:15     | Found a staircase to the Depths.
 19602 | D:15     | Reached skill level 5 in Stealth
 20292 | Lair:2   | Reached skill level 1 in Dodging
 20348 | Lair:2   | Reached XP level 15. HP: 141/141 MP: 6/18
 20351 | Lair:2   | Received a gift from Okawaru
 20379 | Lair:2   | Got a fine buckler {god gift}
 20390 | Lair:2   | Identified the +0 buckler "Cuoraeth" {+Blink rF- MR+++ Regen+} (Okawaru gifted it to you on level 2 of the Lair of Beasts)
 20477 | Lair:3   | Upgraded the game from 0.21-a0-241-g2cbab09 to 0.21-a0-243-g597973d
 20653 | Lair:3   | Found a dark tunnel.
 20743 | Volcano  | Entered a volcano
 20762 | Volcano  | Found a burning altar of Makhleb.
 21114 | Lair:3   | Got a steaming ivory amulet
 21160 | Lair:3   | Found a staircase to the Shoals.
 21219 | Lair:3   | Noticed Prince Ribbit
 21229 | Lair:3   | Killed Prince Ribbit
 21301 | Lair:3   | Identified the amulet "Ceoc" {Gourm -Tele MR+ Int+4 Slay+3} (You found it on level 3 of the Lair of Beasts)
 21778 | Lair:4   | Reached skill level 16 in Armour
 21906 | Lair:4   | Got a shimmering chain mail
 21917 | Lair:4   | Identified the cursed +1 chain mail of Music {Str+3 Stlth+} (You found it on level 4 of the Lair of Beasts)
 22065 | Lair:4   | Reached skill level 5 in Dodging
 22395 | D:8      | Bought the +12 chain mail of the Beginning {rElec rN++ Regen+ rCorr} for 1513 gold pieces
 22554 | Lair:2   | Received a gift from Okawaru
 22616 | Lair:2   | Got a spiked hat {god gift}
 22627 | Lair:2   | Identified the +2 hat of Tulips {rElec} (Okawaru gifted it to you on level 2 of the Lair of Beasts)
 22933 | Shoals:1 | Entered Level 1 of the Shoals
 23774 | Shoals:2 | Received a gift from Okawaru
 23775 | Shoals:2 | Got a blackened broad axe {god gift}
 23776 | Shoals:2 | Identified the +3 broad axe of Kusein {flame, rF+} (Okawaru gifted it to you on level 2 of the Shoals)
 24094 | Shoals:2 | Reached skill level 1 in Invocations
 24246 | Shoals:3 | Reached XP level 16. HP: 69/151 MP: 6/19
 24504 | Shoals:3 | Received a gift from Okawaru
 24655 | Shoals:3 | Noticed Nikola
 24666 | Shoals:3 | Noticed a kraken
 24977 | Shoals:3 | Killed Nikola
 24977 | Shoals:3 | Received a gift from Okawaru
 24978 | Shoals:3 | Got an encrusted crystal plate armour {god gift}
 25022 | Shoals:2 | Identified the +0 crystal plate armour of Greed {rCorr Str+4 Dex+4} (Okawaru gifted it to you on level 3 of the Shoals)
 25815 | Shoals:4 | Entered Level 4 of the Shoals
 25815 | Shoals:4 | Found Masumy's Assorted Antiques.
 25827 | Shoals:4 | Reached skill level 5 in Invocations
 25973 | Shoals:4 | Found the +3 hat of Pondering {ponderous, MR+ MP+10 Int+5}
 26016 | Shoals:4 | Noticed Ilsuiw
 26055 | Shoals:4 | Killed Ilsuiw
 26077 | Shoals:4 | Reached skill level 17 in Armour
 26087 | Shoals:4 | Slain by a merfolk impaler

Vault maps used:
D:1:      lemuel_arrival_room, serial_forest, infiniplex_forest_side_room,
          infiniplex_forest_end_3, infiniplex_forest_lined_3,
          infiniplex_forest_clump_long, infiniplex_forest_corner_1
D:2:      kennysheep_generic_room_6
D:3:      chequers_ecumenical_altar_simple_redux, first_bread, xom_redecorated
D:5:      tgw_fedhas, uniq_blork_the_orc
D:6:      uniq_duvessa
D:7:      amethyst_overflow_temple_binary, minmay_mini_ossuary
D:8:      kennysheep_mini_moat, lemuel_doored_altar, serial_shops, shop,
          nicolae_shop_statue_plus, shop_fountains, enter_ossuary_4,
          uniq_gastronok
D:9:      overflow_temple_1_default, minmay_lair_entry_lava
D:10:     lemuel_reptile_caves, hiddenorc1_lemuel, special_room, uniq_josephine,
          uniq_snorg
D:12:     basic_altar, lab_entry_generic, uniq_psyche
D:13:     david_nohive_1, uniq_sonja
D:14:     lightli_vaults_fourway_checkpoint, minmay_strange_pillars,
          enter_bailey_3
D:15:     grunt_enter_depths_magical_seal, portal_ice_cave_rime,
          minmay_tree_intersection
Temple:   regret_index_temple_sphere_string
Lair:2:   spider_nest_entry_webs, special_room, st_stairs_5, forest_entry_grove
Lair:3:   minmay_shoals_entry_beasts, nicolae_volcano_entry_two_sided,
          minmay_stone_trees_small, grunt_megastairs_5, uniq_prince_ribbit2
Shoals:1: nicolae_shoals_arrival_archipelago
Shoals:2: cheibrodos_shoals_baths, nicolae_shoals_seven_spires
Shoals:3: uniq_nikola
Shoals:4: shoals_end_grunt_ice, shoal_ilsuiw, serial_shops, nicolae_shop_stone
Lab:      labyrinth_spiral, nicolae_lab_blocks
Ossuary:  ossuary_tomb_2
Bailey:   bailey_polearm_4, bailey
IceCv:    ice_cave_small_giant
Volcano:  kennysheep_volcano_temple

Skill      XL: |  1  2  3  4  5  6  7  8  9 10 11 12 13 14 15 16 |
---------------+-------------------------------------------------+-----
Long Blades    | 3 4 5 7 9 11 13 14 | 14.0
Fighting       | 7 9 11 13 15 16 | 16.6
Armour         | 5 8 10 12 14 15 16 17 | 17.0
Shields        | 6 8 10 12 13 14 | 14.6
Throwing       | 1 6 7 |  7.0
Stealth        | 1 5 6 |  6.2
Charms         | 4 |  4.0
Spellcasting   | 3 |  3.0
Dodging        | 1 6 8 |  8.0
Invocations    | 1 5 |  5.6

Action                   |  1- 3 |  4- 6 |  7- 9 | 10-12 | 13-15 | 16-18 || total
-------------------------+-------+-------+-------+-------+-------+-------++-------
Melee: Long sword        |    27 |       |       |   119 |       |       ||   146
       Headbutt          |    18 |    30 |   207 |   240 |   563 |   180 ||  1238
       Dagger            |    86 |   128 |   758 |   455 |       |       ||  1427
       Triple sword      |       |       |       |   211 |       |       ||   211
       Falchion          |       |       |       |    86 |  1367 |   411 ||  1864
       Halberd           |       |       |       |       |    44 |       ||    44
 Fire: Arbalest          |       |       |       |       |    13 |       ||    13
Throw: Tomahawk          |       |       |       |     2 |    39 |    16 ||    57
       Javelin           |       |       |       |       |     2 |     1 ||     3
       Throwing net      |       |       |       |       |     1 |       ||     1
Invok: Heroism           |       |       |     1 |     3 |     6 |     1 ||    11
Evoke: Wand              |       |       |       |       |     5 |       ||     5
  Use: Potion            |       |       |     1 |       |    12 |     3 ||    16
       Scroll            |       |       |     2 |    20 |    10 |     3 ||    35
 Stab: Sleeping          |       |       |       |       |    26 |       ||    26
       Distracted        |       |       |       |       |     3 |       ||     3
  Eat: Chunk             |     1 |     2 |    14 |    22 |    30 |     5 ||    74
       Fruit             |       |       |       |     1 |     2 |     2 ||     5
       Meat ration       |       |       |       |       |     1 |       ||     1
       Royal jelly       |       |       |       |       |     1 |       ||     1
Armor: Scale mail        |    74 |    56 |    21 |       |       |       ||   151
       Plate armour      |       |       |   147 |       |       |       ||   147
       Chain mail        |       |       |    52 |   410 |   244 |   126 ||   832
       Ring mail         |       |       |       |     6 |       |       ||     6
       Troll leather arm |       |       |       |       |    93 |       ||    93
Dodge: Dodged            |    34 |    43 |   129 |   433 |   341 |   139 ||  1119
Block: Shield            |    69 |    54 |   216 |   297 |  1148 |   492 ||  2276
       Rpst.: Triple sword |       |       |       |    66 |       |       ||    66
       Falchion          |       |       |       |    11 |    62 |    20 ||    93
       Long sword        |       |       |       |     9 |       |       ||     9

Table legend:
 A = Spawn XP
 B = Non-spawn XP
 C = Spawn XP percentage of total XP
 D = Spawn monster count
 E = Non-spawn monster count
 F = Spawn count percentage of total count
 G = Total turns spent on level
                    A         B        C        D         E        F      G
               +---------+---------+-------+---------+---------+-------+---------
         Total |   21275 |  171831 |  11.0 |      84 |     766 |   9.9 | 26087
               +---------+---------+-------+---------+---------+-------+---------
           D:1 |       1 |      22 |   4.3 |       1 |      16 |   5.9 |   835
           D:2 |       0 |      68 |   0.0 |       0 |      25 |   0.0 |   468
           D:3 |       2 |     196 |   1.0 |       1 |      24 |   4.0 |   555
           D:4 |       1 |     334 |   0.3 |       1 |      18 |   5.3 |   437
           D:5 |     147 |     538 |  21.5 |       7 |      17 |  29.2 |  1031
           D:6 |     582 |    1287 |  31.1 |      13 |      26 |  33.3 |  1371
           D:7 |       3 |     772 |   0.4 |       1 |      20 |   4.8 |   744
           D:8 |     123 |    4622 |   2.6 |       2 |      28 |   6.7 |  1543
           D:9 |     582 |    1585 |  26.9 |       6 |      30 |  16.7 |  1029
          D:10 |     764 |   10017 |   7.1 |       5 |     103 |   4.6 |  1738
          D:11 |     255 |    2952 |   8.0 |       1 |      21 |   4.5 |  1255
          D:12 |    1103 |    4602 |  19.3 |       4 |      21 |  16.0 |  1271
          D:13 |     744 |   15636 |   4.5 |       2 |      51 |   3.8 |  1217
          D:14 |    1041 |   13898 |   7.0 |       6 |      42 |  12.5 |  1287
          D:15 |     673 |   18513 |   3.5 |       2 |      37 |   5.1 |   944
        Lair:1 |    1793 |    3141 |  36.3 |       6 |      16 |  27.3 |  1201
        Lair:2 |     383 |    6236 |   5.8 |       2 |      32 |   5.9 |   913
        Lair:3 |       0 |    7623 |   0.0 |       0 |      28 |   0.0 |  1108
        Lair:4 |       0 |   11409 |   0.0 |       0 |      30 |   0.0 |   575
      Shoals:1 |     716 |    8041 |   8.2 |       2 |      14 |  12.5 |   632
      Shoals:2 |    2100 |   10879 |  16.2 |       4 |      26 |  13.3 |   851
      Shoals:3 |   10262 |   20162 |  33.7 |      18 |      34 |  34.6 |  1399
      Shoals:4 |       0 |   11116 |   0.0 |       0 |      18 |   0.0 |   272
           Lab |       0 |    1124 |   0.0 |       0 |       1 |   0.0 |   440
       Ossuary |       0 |     303 |   0.0 |       0 |      27 |   0.0 |   342
        Bailey |       0 |    2075 |   0.0 |       0 |      16 |   0.0 |  1327
         IceCv |       0 |   11142 |   0.0 |       0 |      37 |   0.0 |   918
       Volcano |       0 |    3538 |   0.0 |       0 |       8 |   0.0 |   190
               +---------+---------+-------+---------+---------+-------+---------
